 Dungeon Crawl Stone Soup version 0.28-a0-1555-g9ae15a6949 (webtiles) character file.

Game seed: 15763234116392131679

18 sbbq2022 the Insei (level 2, -2/25 HPs)
             Began as a Deep Dwarf Transmuter on Jan 19, 2022.
             Slain by a gnoll (6 damage)
             ... on level 1 of the Dungeon.
             The game lasted 00:01:38 (729 turns).

sbbq2022 the Insei (Deep Dwarf Transmuter)           Turns: 729, Time: 00:01:38

Health: -2/25      AC:  2    Str: 13    XL:     2   Next: 51%
Magic:  1/5        EV: 12    Int: 13    God:
Gold:   40         SH:  0    Dex: 13    Spells: 2/5 levels left

rFire   . . .      SeeInvis .   i - +0 short sword
rCold   . . .      Faith    .   (no shield)
rNeg    . . .      Spirit   .   a - +0 robe
rPois   .          Reflect  .   (no helmet)
rElec   .          Harm     .   (no cloak)
rCorr   .          Rampage  .   (no gloves)
Will    .....                   (no boots)
Stlth   +.........              (no amulet)
HPRegen 0.00/turn               (no ring)
MPRegen 0.09/turn               (no ring)

@: wereblooded (expiring), very slightly contaminated
A: damage resistance, heal wounds, sense surroundings 1, no regeneration
a: Heal Wounds


You were on level 1 of the Dungeon.
You visited 1 branch of the dungeon, and saw 2 of its levels.

You collected 40 gold pieces.

Inventory:

Hand Weapons
 i - a +0 short sword (weapon)
Armour
 a - a +0 robe (worn)
Scrolls
 d - a scroll of vulnerability {unknown}
 e - a scroll of fear {unknown}
 f - 3 scrolls of identify {unknown}
 h - 2 scrolls of fog {unknown}
Potions
 b - a potion of magic {unknown}
 c - a potion of curing {unknown}
 g - a potion of heal wounds {unknown}


   Skills:
 + Level 1.2 Fighting
 + Level 0.8 Armour
 + Level 2.4 Dodging
 - Level 2.6 Unarmed Combat
 + Level 2.0 Spellcasting
 * Level 2.1 Transmutations


You had 2 spell levels left.
You knew the following spells:

 Your Spells              Type           Power      Damage    Failure   Level
a - Beastly Appendage     Tmut           12%        N/A       11%         1
b - Wereblood             Tmut           6%         N/A       16%         2

Your spell library contained the following spells:

 Spells                   Type           Power      Damage    Failure   Level
 Magic Dart               Conj           4%         1d3       26%         1
 Call Imp                 Summ           1%         N/A       36%         2
 Spider Form              Tmut/Pois      4%         N/A       45%         3
 Mephitic Cloud           Conj/Pois/Air  1%         N/A       58%         3
 Ice Form                 Ice/Tmut       4%         N/A       86%         4


Dungeon Overview and Level Annotations

Branches:
Dungeon (2/15)

Altars:


Innate Abilities, Weirdness & Mutations

You are resistant to damage.
You can heal yourself by infusing magical energy.
You passively map a small area around you.
You do not regenerate.


Message History

Unknown command.
Casting: Beastly Appendage (safe; 11% risk of failure)
Confirm with . or Enter, or press ? or * to list all spells.
You miscast Beastly Appendage.
Nothing appears to happen.
The gnoll barely misses you.
You closely miss the gnoll. The gnoll barely misses you.
You hit the gnoll.
The gnoll is lightly wounded.
The gnoll hits you with a +0 flail. The gnoll misses you.
You barely miss the gnoll. The gnoll barely misses you.
You hit the gnoll.
The gnoll is lightly wounded.
The gnoll misses you.
You barely miss the gnoll.
The gnoll is lightly wounded.
The gnoll hits you with a +0 flail.
You barely miss the gnoll.
The gnoll is lightly wounded.
The gnoll barely misses you.
You closely miss the gnoll.
The gnoll is lightly wounded.
The gnoll hits you with a +0 flail!
* * * LOW HITPOINT WARNING * * *
You hit the gnoll.
The gnoll is moderately wounded.
The gnoll barely misses you.
You barely miss the gnoll.
The gnoll is moderately wounded.
The gnoll barely misses you.
You closely miss the gnoll.
The gnoll is moderately wounded.
The gnoll hits you with a +0 flail.
You barely miss the gnoll.
The gnoll is moderately wounded.
Your primal bloodlust is almost over.
The gnoll barely misses you.
You hit the gnoll but do no damage.
The gnoll is moderately wounded.
The gnoll misses you. The gnoll hits you with a +0 flail!
You die...

### ≈≈≈ ##### # ≈○≈ #...# #≈≈≈#
#...# #≈≈≈≈ #####...# #≈≈≈≈
#...'...# #######
#.###...###########..+... #.#
#...@...........##### #.#
#..g.##########.#≈≈≈ #.#
#..........####.#≈≈≈≈
###'###...##.....##...#≈≈≈#
#.........##......#.#.#≈≈≈≈
#######......#####........#.##≈≈≈
.............# #.....####..####
#######......# #.......###.....
#......# ######....#....##.


You could see a gnoll.

Vanquished Creatures
  2 endoplasms (D:1)
  2 goblins (D:1)
  A hobgoblin (D:2)
  3 jackals (D:2)
  2 ball pythons (D:1)
  2 frilled lizards (D:1)
  2 kobolds (D:1)
  3 rats
17 creatures vanquished.

Notes
Turn   | Place    | Note
-------+----------+-------------------------------------------
     0 | D:1      | sbbq2022 the Deep Dwarf Transmuter began the quest for the
                  | Orb.
     0 | D:1      | Reached XP level 1. HP: 16/16 MP: 3/3
   152 | D:1      | Reached skill level 1 in Fighting
   374 | D:1      | Reached XP level 2. HP: 22/25 MP: 2/4
   377 | D:1      | Learned a level 2 spell: Wereblood
   729 | D:1      | Slain by a gnoll

Illustrated notes

Levels and vault maps discovered:
D:1:      saegor_arrival_miasma, layout_basic, grunt_decor_fettered
D:2:      layout_basic, hellmonk_ecumenical_altar_crossroads, hex_large

Skill      XL: |  1  2 |
---------------+-------+-----
Fighting       | 1 |  1.2
Transmutations | 2 |  2.1
Spellcasting   | 2 |  2.0
Armour         | |  0.8
Dodging        | |  2.4
Unarmed Combat | |  2.6

Action                   || total
-------------------------++-------
Melee: Unarmed           ||    55
       Kick              ||     5
       Headbutt          ||     7
       Short sword       ||    12
       Punch             ||     1
 Cast: Beastly Appendage ||    11
       Wereblood         ||     3
Armor: Robe              ||     9
Dodge: Dodged            ||    46

Table legend: (Time is in decaauts)
 A = Elapsed time spent in this place.
 B = Non-inter-level travel time spent in this place.
 C = Inter-level travel time spent in this place.
 D = Time resting spent in this place.
 E = Time spent auto-exploring this place.
 F = Levels seen in this place.
 G = Mean time per level.
                   A        B        C        D        E       F      G
               +--------+--------+--------+--------+--------+-----+--------+
         Total |    728 |    666 |     62 |      0 |    469 |   2 |  364.0 |
       Dungeon |    728 |    666 |     62 |      0 |    469 |   2 |  364.0 |
               +--------+--------+--------+--------+--------+-----+--------+

Top non-repeatable levels by time:
     D:1: 588 daAuts
     D:2: 140 daAuts
